 Dungeon Crawl Stone Soup version 0.23.1 (webtiles) character file.

Game seed: 7487125992139203855

2832 FunkyPutin the Basher (level 9, -14/55 HPs)
             Began as a Gargoyle Fighter on Mar 8, 2019.
             Was an Elder of the Shining One.
             Killed by divine providence
             ... invoked by an orc priest
              (17 damage)
             ... on level 7 of the Dungeon.
             The game lasted 00:17:44 (6931 turns).

FunkyPutin the Basher (Gargoyle Fighter)            Turns: 6931, Time: 00:17:47

Health: -14/55     AC: 23    Str: 27    XL:     9   Next: 73%
Magic:  9/9        EV:  5    Int: 10    God:    the Shining One [****..]
Gold:   433        SH: 11    Dex:  9    Spells: 8/8 levels left

rFire    + . .     SeeInvis +   a - +2 flail
rCold    + . .     Gourm    .   c - +0 shield
rNeg     + + +     Faith    .   C - +2 plate armour
rPois    ∞         Spirit   .   G - +0 helmet
rElec    +         Reflect  .   B - scarf {rC+ rF+}
rCorr    .         Harm     .   (no gloves)
MR       .....                  q - +0 pair of boots
Stlth    ..........             (no amulet)
HPRegen  0.18/turn              m - +5 ring of strength
MPRegen  0.11/turn              H - ring of see invisible

@: glowing
A: negative energy resistance 1, electricity resistance, unbreathing,
petrification resistance, rot immunity, AC +6
a: Divine Shield, Cleansing Flame, Renounce Religion


You were on level 7 of the Dungeon.
You worshipped the Shining One.
The Shining One was greatly pleased with you.
You were not hungry.

You visited 2 branches of the dungeon, and saw 8 of its levels.
You also visited: Ossuary.

You collected 433 gold pieces.

Inventory:

Hand Weapons
 a - a +2 flail (weapon)
 p - a +0 mace
Armour
 c - a +0 shield (worn)
 q - a +0 pair of boots (worn)
 s - a +0 large shield
 B - a scarf of resistance (worn)
 C - a +2 plate armour (worn)
 G - a +0 helmet (worn)
Jewellery
 m - a +5 ring of strength (left hand)
 w - an uncursed ring of fire
 z - an uncursed ring of fire
 H - a ring of see invisible (right hand)
Wands
 b - a wand of flame (1)
 o - a wand of enslavement (9)
 r - a wand of polymorph (8)
 I - a wand of acid (6)
Scrolls
 l - 3 scrolls of remove curse
 y - a scroll of blinking
 A - 4 scrolls of teleportation
 E - 3 scrolls of identify
Potions
 d - 3 potions of might
 e - 7 potions of curing
 g - 2 potions of lignification {unknown}
 h - a potion of cancellation {unknown}
 i - 6 potions of flight
 j - 5 potions of heal wounds
 k - 2 potions of invisibility {unknown}
 n - 2 potions of berserk rage {unknown}
 t - a potion of brilliance {unknown}
 u - a potion of resistance {unknown}
 v - a potion of haste {unknown}
 x - 5 potions of agility
 D - a potion of mutation {unknown}
 F - 2 potions of ambrosia {unknown}
Comestibles
 f - 7 rations


   Skills:
 + Level 6.0 Fighting
 * Level 10.5 Maces & Flails
 + Level 4.9 Armour
 + Level 6.9 Shields


You had 8 spell levels left.
You didn't know any spells.
Your spell library contained the following spells:

 Spells                   Type           Power        Failure   Level  Hunger
 Magic Dart               Conj           #...         100%        1    ##.....
 Blink                    Tloc           N/A          100%        2    ###....
 Call Imp                 Summ           #.......     100%        2    ###....
 Slow                     Hex            #.......     100%        2    ###....
 Conjure Flame            Conj/Fire      #.......     100%        3    ####...
 Mephitic Cloud           Conj/Pois/Air  #.......     100%        3    ####...


Dungeon Overview and Level Annotations

Branches:
Dungeon (7/15)             Temple (1/1) D:6

Altars:
Cheibriados
Dithmenos
Elyvilon
Fedhas
Hepliaklqana
Kikubaaqudgha
Makhleb
Okawaru
Qazlal
Ru
Sif Muna
Trog
Uskayaw
Vehumet
Wu Jian
Xom
Yredelemnul
Zin
The Shining One

Annotations:
D:3 1 runed translucent door


Innate Abilities, Weirdness & Mutations

You are resistant to torment.
Your stone body is resilient. (AC +6)
You are immune to poison.
You resist negative energy. (rN+)
You are resistant to electric shocks. (rElec)
You can survive without breathing.
You are immune to petrification.
You are immune to rotting.


Message History

You are too injured to fight recklessly!
You are too injured to fight recklessly!
You are too injured to fight recklessly!
You are too injured to fight recklessly!
You hit the orc warrior.
The orc warrior is lightly wounded.
The orc warrior barely misses you. The orc priest barely misses you.
You closely miss the orc priest.
The orc priest hits you but does no damage.
You block the orc warrior's attack.
The orc priest calls upon Beogh to heal the orc warrior.
The orc warrior's wounds heal themselves!
You hit the orc priest.
The orc priest is lightly wounded.
The orc priest hits you but does no damage.
The orc warrior hits you with a cursed -3 battleaxe!!
* * * LOW HITPOINT WARNING * * *
The orc priest invokes the aid of Beogh against you.
Beogh smites you!
You die...

## ## #. .# .#.
# ... #
#.##o##.#
#########
#...oo..#
#.......# #@#
#.......# #.#
#..[....# #.#
#......<# #.##
#.......# #..#
#.......# ##.#
#.......# #.#
##.#....#
#.######.###..#
#.....##)###..#


You could see an orc warrior and 2 orc priests.

Vanquished Creatures
  Grinder (D:6)
  The ghost of FunkyPutin the Skirmisher, an amateur OgFi (D:3)
  Menkaure (D:6)
  2 orc warriors (D:7)
  An ice beast (D:7)
  A necrophage (D:6)
  An ogre (D:4)
  A big kobold (D:7)
  4 bullfrogs
  4 water moccasin zombies (Ossuary)
  A wyvern skeleton (D:6)
  2 scorpions
  A howler monkey (D:6)
  3 wights (D:7)
  2 crimson imps
  A jelly (D:6)
  Crazy Yiuf (D:2)
  A bullfrog skeleton (D:4)
  A centaur skeleton (D:6)
  5 hounds
  3 orc priests
  2 orc wizards
  An iguana (D:7)
  5 worker ants
  3 big kobold zombies (Ossuary)
  A hound skeleton (D:5)
  2 mummies (Ossuary)
  A worker ant zombie (D:7)
  A howler monkey skeleton (D:7)
  8 gnolls
  5 adders
  A river rat (D:3)
  3 oozes
  5 adder zombies (Ossuary)
  2 adder skeletons
  6 worms
  4 leopard geckos
  28 orcs
  3 giant cockroaches
  6 goblins
  4 hobgoblins
  9 kobolds
  6 quokkas
  A ball python (D:3)
  10 bats
  4 frilled lizards
  A giant cockroach zombie (D:5)
  A gnoll zombie (Ossuary)
  A goblin zombie (D:6)
  9 hobgoblin zombies (Ossuary)
  6 kobold zombies (Ossuary)
  2 leopard gecko skeletons
  5 orc zombies (Ossuary)
  A quokka zombie (D:5)
  5 rats
190 creatures vanquished.

Notes
Turn   | Place    | Note
-------+----------+-------------------------------------------
     0 | D:1      | FunkyPutin the Gargoyle Fighter began the quest for the
                  | Orb.
     0 | D:1      | Reached XP level 1. HP: 14/14 MP: 1/1
    84 | D:1      | Reached XP level 2. HP: 19/19 MP: 2/2
   730 | D:2      | Reached XP level 3. HP: 23/23 MP: 3/3
  1072 | D:2      | HP: 1/24 [gnoll/+0 spear (1)]
  1125 | D:1      | Reached skill level 3 in Maces & Flails
  1125 | D:1      | Reached XP level 4. HP: 2/29 MP: 4/4
  1657 | D:2      | Found a runed translucent door.
  1666 | D:2      | Noticed Crazy Yiuf
  1974 | D:2      | Killed Crazy Yiuf
  1974 | D:2      | Reached XP level 5. HP: 28/33 MP: 5/5
  2048 | D:3      | Found a runed translucent door.
  2053 | D:3      | Noticed FunkyPutin's ghost (amateur OgFi)
  2571 | D:3      | Found a runed translucent door.
  2588 | D:3      | Reached skill level 4 in Maces & Flails
  2604 | D:3      | Killed FunkyPutin's ghost
  2604 | D:3      | Reached skill level 5 in Maces & Flails
  2604 | D:3      | Reached XP level 6. HP: 17/38 MP: 6/6
  3392 | D:4      | Reached XP level 7. HP: 20/43 MP: 7/7
  3649 | D:4      | Reached skill level 5 in Shields
  3669 | D:4      | Reached skill level 6 in Maces & Flails
  4304 | D:5      | Entered Level 5 of the Dungeon
  4754 | D:5      | Found an ornate altar of the Wu Jian Council.
  4758 | D:5      | Found an iron altar of Okawaru.
  4758 | D:5      | Found a bloodstained altar of Trog.
  4758 | D:5      | Found a hazy altar of Hepliaklqana.
  5326 | D:6      | Found a staircase to the Ecumenical Temple.
  5334 | Temple   | Entered the Ecumenical Temple
  5338 | Temple   | Became a worshipper of the Shining One
  5381 | D:6      | Reached XP level 8. HP: 39/48 MP: 8/8
  5402 | D:6      | Reached skill level 7 in Maces & Flails
  5436 | D:6      | Found a sand-covered staircase.
  5443 | Ossuary  | Entered an ossuary
  5466 | Ossuary  | Reached * piety under the Shining One
  5531 | Ossuary  | Reached ** piety under the Shining One
  5593 | Ossuary  | Reached *** piety under the Shining One
  5606 | Ossuary  | Reached skill level 5 in Fighting
  5660 | D:6      | Noticed Grinder
  5664 | D:6      | Reached skill level 8 in Maces & Flails
  5664 | D:6      | Paralysed by Grinder for 4 turns
  5676 | D:6      | Killed Grinder
  5779 | D:6      | Found a radiant altar of Vehumet.
  5779 | D:6      | Found a burning altar of Makhleb.
  5808 | D:6      | Noticed Menkaure
  5813 | D:6      | Killed Menkaure
  5813 | D:6      | Reached skill level 9 in Maces & Flails
  5813 | D:6      | Reached XP level 9. HP: 54/54 MP: 9/9
  6471 | D:7      | Reached skill level 10 in Maces & Flails
  6588 | D:7      | Reached **** piety under the Shining One
  6931 | D:7      | Killed from afar by an orc priest

Skill      XL: |  1  2  3  4  5  6  7  8  9 |
---------------+----------------------------+-----
Maces & Flails | 3 5 6 9 10 | 10.5
Shields        | 4 5 6 |  6.9
Armour         | 4 |  4.9
Fighting       | 4 5 6 |  6.0

Action                   |  1- 3 |  4- 6 |  7- 9 || total
-------------------------+-------+-------+-------++-------
Melee: Flail             |   126 |   214 |   461 ||   801
       Unarmed           |       |     2 |       ||     2
  Use: Scroll            |     4 |     4 |    11 ||    19
 Stab: Confused          |       |     1 |       ||     1
  Eat: Ration            |     1 |     1 |     2 ||     4
       Chunk             |       |     2 |     5 ||     7
Armor: Scale mail        |    88 |    44 |       ||   132
       Chain mail        |       |    85 |    53 ||   138
       Plate armour      |       |       |   172 ||   172
Dodge: Dodged            |    63 |    52 |    83 ||   198
Block: Shield            |    98 |   129 |   225 ||   452
